 Dungeon Crawl Stone Soup version 0.25-a0-474-ga8a2ee3166 (webtiles) character file.

Game seed: 2869515866290395597, levelgen mode: deterministic

2657 ReteAZ the Grasshopper (level 9, 0/71 HPs)
             Began as a Gnoll Wanderer on Feb 8, 2020.
             Was a Believer of Cheibriados.
             Slain by a crocodile (10 damage)
             ... on level 8 of the Dungeon.
             The game lasted 00:15:27 (8892 turns).

ReteAZ the Grasshopper (Gnoll Wanderer)             Turns: 8892, Time: 00:15:27

Health: 0/71       AC: 11    Str: 29    XL:     9   Next: 62%
Magic:  16/16      EV: 10    Int: 21    God:    Cheibriados [**....]
Gold:   419        SH: 16    Dex: 18    Spells: 17/18 levels left

rFire    . . .     SeeInvis +   n - +1 hand axe (flame)
rCold    . . .     Gourm    .   E - +0 large shield
rNeg     . . .     Faith    .   a - +1 ring mail "Kamoimuqag" {Str+7}
rPois    .         Spirit   .   u - +1 helmet {SInv}
rElec    .         Reflect  .   t - +0 cloak
rCorr    .         Harm     .   (no gloves)
MR       .....                  A - +0 pair of boots
Stlth    +++.......             (no amulet)
HPRegen  0.21/turn              l - +2 ring of strength
MPRegen  0.15/turn              c - ring of stealth

@: very slow
A: distributed training, fangs 1, strong nose
a: Bend Time, Renounce Religion


You were on level 8 of the Dungeon.
You worshipped Cheibriados.
Cheibriados was pleased with you.
You were not hungry.

You visited 1 branch of the dungeon, and saw 8 of its levels.
You also visited: Ossuary.

You collected 593 gold pieces.
You spent 174 gold pieces at shops.

Inventory:

Hand Weapons
 h - a +2 short sword of venom
 m - a +1 vorpal mace
 n - a +1 hand axe of flaming (weapon)
 r - a +0 antimagic war axe
 B - a +2 dagger of venom
Missiles
 b - 4 throwing nets
 v - 126 stones
 y - 4 boomerangs (quivered)
Armour
 a - the +1 ring mail "Kamoimuqag" (worn) {Str+7}
   (You found it on level 7 of the Dungeon)

   It affects your strength (+7).
   If you remove this armour, your AC will fall 7 points (11 -> 4)
 t - a +0 cloak (worn)
 u - a +1 helmet of see invisible (worn)
 z - a +0 chain mail
 A - a +0 pair of boots (worn)
 E - a +0 large shield (worn)
Jewellery
 c - a ring of stealth (right hand)
 l - a +2 ring of strength (left hand)
 C - an uncursed amulet of harm
 Q - an uncursed ring of ice
Wands
 q - a wand of acid (10)
 I - a wand of digging (4)
 R - a wand of flame (12)
Scrolls
 d - 2 scrolls of enchant weapon {unknown}
 e - a scroll of enchant armour {unknown}
 g - 5 scrolls of teleportation
 i - 7 scrolls of identify
 k - 6 scrolls of remove curse {unknown}
 s - 3 scrolls of fog {unknown}
 w - a scroll of random uselessness {unknown}
 H - a scroll of immolation {unknown}
 K - 2 scrolls of magic mapping {unknown}
 P - a scroll of amnesia {unknown}
 S - a scroll of noise {unknown}
Potions
 j - 3 potions of curing
 o - 2 potions of cancellation
 p - a potion of ambrosia
 D - a potion of mutation
 F - 3 potions of might
 G - a potion of degeneration {unknown}
 J - 3 potions of brilliance
 L - a potion of flight
 M - 2 potions of lignification
 N - a potion of invisibility
 O - a potion of agility
Comestibles
 f - 17 rations
 x - a chunk of flesh


   Skills:
 + Level 6.4 Fighting
 + Level 4.3 Short Blades
 + Level 4.3 Long Blades
 + Level 4.3 Axes
 + Level 4.3 Maces & Flails
 + Level 4.3 Polearms
 + Level 4.3 Staves
 + Level 4.3 Slings
 + Level 4.3 Bows
 + Level 4.3 Crossbows
 + Level 5.1 Throwing
 + Level 4.3 Armour
 + Level 5.1 Dodging
 + Level 5.0 Stealth
 + Level 4.3 Shields
 + Level 4.3 Unarmed Combat
 + Level 5.2 Spellcasting
 + Level 3.6 Conjurations
 + Level 3.6 Hexes
 + Level 3.6 Charms
 + Level 3.6 Summonings
 + Level 3.6 Necromancy
 + Level 6.6 Translocations
 + Level 3.6 Transmutations
 + Level 3.6 Fire Magic
 + Level 3.6 Ice Magic
 + Level 3.6 Air Magic
 + Level 4.2 Earth Magic
 + Level 3.6 Poison Magic
 + Level 4.8 Invocations
 + Level 4.3 Evocations


You had 17 spell levels left.
You knew the following spells:

 Your Spells              Type           Power        Failure   Level  Hunger
a - Apportation           Tloc           ####..       14%         1    None

Your spell library contained the following spells:

 Spells                   Type           Power        Failure   Level  Hunger
 Blink                    Tloc           N/A          22%         2    None
 Lesser Beckoning         Tloc           ####......   38%         3    ##.....
 Magic Dart               Conj           ###.         43%         1    None
 Summon Small Mammal      Summ           ###.         43%         1    None
 Call Imp                 Summ           ###.....     58%         2    None
 Slow                     Hex            ###.....     58%         2    None
 Call Canine Familiar     Summ           ###.....     82%         3    ##.....
 Conjure Flame            Conj/Fire      ###.....     82%         3    ##.....
 Mephitic Cloud           Conj/Pois/Air  ###.....     82%         3    ##.....
 Summon Guardian Golem    Hex/Summ       ###.....     82%         3    ##.....
 Summon Ice Beast         Ice/Summ       ###.....     99%         4    ####...
 Summon Lightning Spire   Summ/Air       ###.....     99%         4    ####...


Dungeon Overview and Level Annotations

Branches:
Dungeon (8/15)             Temple (0/1) D:5         Ossuary (visited)
   Lair: D:8-11

Altars:
Cheibriados
Gozag
Nemelex Xobeh
Qazlal
Xom
Zin

Shops:
D:5 *


Innate Abilities, Weirdness & Mutations

Your experience applies equally to all skills.
You have very sharp teeth.
Your uncanny sense of smell can sniff out nearby items.


Message History

You hit the crocodile. You burn the crocodile. Your bite misses the crocodile.
The crocodile is heavily wounded.
You block the crocodile's attack.
You closely miss the crocodile.
The crocodile is heavily wounded.
The crocodile closely misses you.
You hit the crocodile but do no damage. You bite the crocodile!
The crocodile is almost dead.
The crocodile bites you!
* * * LOW HITPOINT WARNING * * *
The crocodile bites you.
* * * LOW HITPOINT WARNING * * *
Okay, then.
You hit the crocodile but do no damage.
The crocodile is almost dead.
The crocodile barely misses you.
You barely miss the crocodile. Your bite misses the crocodile.
The crocodile is almost dead.
The crocodile bites you!
You die...

..........#..###......
............# #..##......
............###..........
..........$..##......####
.....................# #
....................## ##
...............##....###.
...........###....##.....
.......t@.## #.#..###....
......†...# #.##.## #..#.
......$....##.#..# .#..#.
.............##.#..###...
#........#......#.###..#.
##...................###.
#.............)##...# .
#.........###... ....# ..
#........#


You could see a crocodile.

Vanquished Creatures
  2 hippogriffs
  A water moccasin (D:7)
  2 sky beasts
  A phantom (D:4)
  An ice beast (D:6)
  2 ogres
  A crocodile (D:8)
  2 bullfrogs (D:6)
  3 scorpions
  4 howler monkeys
  3 crimson imps
  A bullfrog zombie (D:7)
  A centaur zombie (D:5)
  6 orc wizards
  3 orc priests
  A centaur skeleton (D:3)
  2 iguanas
  Natasha (thrice) (D:4)
  8 worker ants
  A killer bee zombie (D:6)
  A big kobold zombie (Ossuary)
  A hound skeleton (D:7)
  A howler monkey zombie (D:8)
  8 mummies (Ossuary)
  8 adders
  4 gnolls (D:6)
  A shadow imp (D:4)
  2 oozes
  3 worms
  A dart slug (D:3)
  31 orcs
  10 bats
  4 giant cockroaches
  3 gnoll zombies (Ossuary)
  2 goblins
  6 hobgoblins
  5 jackals
  3 quokkas
  2 frilled lizards
  2 hobgoblin zombies (Ossuary)
  4 kobolds
  2 orc zombies (Ossuary)
  A quokka skeleton (D:4)
  4 rats
157 creatures vanquished.

Notes
Turn   | Place    | Note
-------+----------+-------------------------------------------
     0 | D:1      | ReteAZ the Gnoll Wanderer began the quest for the Orb.
     0 | D:1      | ReteAZ set off with the following items: a +0 club, 2
                  | throwing nets, a potion of curing, a +0 leather armour, a
                  | ration; and the following spell memorised: Apportation; and
                  | the following spells available to memorise: Lesser
                  | Beckoning
     0 | D:1      | Reached XP level 1. HP: 20/20 MP: 4/4
   300 | D:1      | Reached XP level 2. HP: 24/26 MP: 5/5
   868 | D:2      | Reached XP level 3. HP: 23/31 MP: 7/7
  1122 | D:2      | Reached skill level 1 in Invocations
  1218 | D:2      | Found an opulent altar of Gozag.
  1554 | D:2      | Reached skill level 1 in Short Blades
  1554 | D:2      | Reached skill level 1 in Long Blades
  1554 | D:2      | Reached skill level 1 in Axes
  1554 | D:2      | Reached skill level 1 in Maces & Flails
  1554 | D:2      | Reached skill level 1 in Polearms
  1554 | D:2      | Reached skill level 1 in Staves
  1554 | D:2      | Reached skill level 1 in Slings
  1554 | D:2      | Reached skill level 1 in Bows
  1554 | D:2      | Reached skill level 1 in Crossbows
  1554 | D:2      | Reached skill level 1 in Armour
  1554 | D:2      | Reached skill level 1 in Shields
  1554 | D:2      | Reached skill level 1 in Unarmed Combat
  1554 | D:2      | Reached skill level 1 in Evocations
  1596 | D:2      | Reached XP level 4. HP: 11/38 MP: 8/8
  1965 | D:3      | Noticed a phantom
  2286 | D:2      | Reached skill level 1 in Conjurations
  2286 | D:2      | Reached skill level 1 in Hexes
  2286 | D:2      | Reached skill level 1 in Charms
  2286 | D:2      | Reached skill level 1 in Summonings
  2286 | D:2      | Reached skill level 1 in Necromancy
  2286 | D:2      | Reached skill level 1 in Transmutations
  2286 | D:2      | Reached skill level 1 in Fire Magic
  2286 | D:2      | Reached skill level 1 in Ice Magic
  2286 | D:2      | Reached skill level 1 in Air Magic
  2286 | D:2      | Reached skill level 1 in Poison Magic
  2286 | D:2      | Reached XP level 5. HP: 37/43 MP: 9/9
  2744 | D:4      | Reached XP level 6. HP: 29/50 MP: 10/10
  3184 | D:4      | Reached skill level 5 in Fighting
  3462 | D:4      | Killed a phantom
  3469 | D:3      | Found a faded altar of an unknown god.
  3496 | D:3      | Reached XP level 7. HP: 42/56 MP: 12/12
  4226 | D:3      | Found a faded altar of an unknown god.
  4596 | D:4      | Noticed Natasha
  4603 | D:4      | Killed Natasha
  4951 | D:4      | Noticed Natasha
  4960 | D:4      | Killed Natasha
  5151 | D:4      | Noticed Natasha
  5156 | D:4      | Killed Natasha
  5314 | D:5      | Entered Level 5 of the Dungeon
  5355 | D:5      | Found a shimmering altar of Xom.
  5355 | D:5      | Found a glowing silver altar of Zin.
  5355 | D:5      | Noticed an angel
  5439 | D:5      | Found a snail-covered altar of Cheibriados.
  5451 | D:5      | Became a worshipper of Cheibriados the Contemplative
  5481 | D:5      | Reached XP level 8. HP: 63/63 MP: 14/14
  5874 | D:5      | Found a staircase to the Ecumenical Temple.
  6006 | D:5      | Found Wuafie Tuimm's Assorted Antiques.
  6024 | D:5      | Bought a potion of might for 116 gold pieces
  6024 | D:5      | Bought a scroll labeled ONWODUCENKI for 29 gold pieces
  6024 | D:5      | Bought a scroll labeled RYNOER KICHOA for 29 gold pieces
  6194 | D:6      | Found a sand-covered staircase.
  6198 | Ossuary  | Entered an ossuary
  6217 | Ossuary  | Reached * piety under Cheibriados
  7460 | D:6      | Found a sparkling altar of Nemelex Xobeh.
  7607 | D:7      | Reached XP level 9. HP: 62/69 MP: 16/16
  8390 | D:7      | Got an ichor-stained ring mail
  8401 | D:7      | Identified the +1 ring mail "Kamoimuqag" {Str+7} (You found
                  | it on level 7 of the Dungeon)
  8452 | D:7      | Found a stormy altar of Qazlal.
  8529 | D:7      | Reached skill level 5 in Spellcasting
  8661 | D:8      | Reached ** piety under Cheibriados
  8665 | D:8      | Reached skill level 5 in Throwing
  8665 | D:8      | Reached skill level 5 in Dodging
  8859 | D:8      | Reached skill level 5 in Stealth
  8892 | D:8      | Slain by a crocodile

Levels and vault maps discovered:
D:1:      minmay_arrival_checkered_box, layout_rooms
D:2:      layout_basic, first_ration,
          nicolae_gozag_cash_rules_everything_around_me
D:3:      layout_loops_ring, chequers_ecumenical_altar_simple_redux
D:4:      layout_gridville, uniq_natasha
D:5:      layout_layer_cave, grunt_temple_overflow_order_and_chaos_1,
          cheibriados_altar_1, minmay_temple_entry_hall, serial_shops,
          nicolae_shop_stone
D:6:      layout_basic, nicolae_ossuary_entry_plus, nemelex_lonely_heart_becter
D:7:      layout_cave_pools, grunt_ogre_cave, grunt_qazlal_sundering
D:8:      layout_layer_cave, uniq_joseph, uniq_maurice

Skill      XL: |  1  2  3  4  5  6  7  8  9 |
---------------+----------------------------+-----
Earth Magic    | 2 3 4 |  4.2
Invocations    | 1 2 3 4 |  4.8
Short Blades   | 1 2 3 4 |  4.3
Long Blades    | 1 2 3 4 |  4.3
Axes           | 1 2 3 4 |  4.3
Maces & Flails | 1 2 3 4 |  4.3
Polearms       | 1 2 3 4 |  4.3
Staves         | 1 2 3 4 |  4.3
Slings         | 1 2 3 4 |  4.3
Bows           | 1 2 3 4 |  4.3
Crossbows      | 1 2 3 4 |  4.3
Armour         | 1 2 3 4 |  4.3
Shields        | 1 2 3 4 |  4.3
Unarmed Combat | 1 2 3 4 |  4.3
Evocations     | 1 2 3 4 |  4.3
Spellcasting   | 3 4 5 |  5.2
Conjurations   | 1 2 3 |  3.6
Hexes          | 1 2 3 |  3.6
Charms         | 1 2 3 |  3.6
Summonings     | 1 2 3 |  3.6
Necromancy     | 1 2 3 |  3.6
Transmutations | 1 2 3 |  3.6
Fire Magic     | 1 2 3 |  3.6
Ice Magic      | 1 2 3 |  3.6
Air Magic      | 1 2 3 |  3.6
Poison Magic   | 1 2 3 |  3.6
Throwing       | 3 4 5 |  5.1
Dodging        | 3 4 5 |  5.1
Stealth        | 3 4 5 |  5.0
Fighting       | 5 6 |  6.4
Translocations | 6 |  6.6

Action                   |  1- 3 |  4- 6 |  7- 9 || total
-------------------------+-------+-------+-------++-------
Melee: Club              |    39 |       |       ||    39
       Bite              |    12 |    13 |    64 ||    89
       Mace              |    72 |    91 |       ||   163
       Punch             |       |     1 |       ||     1
       Short sword       |       |    53 |   184 ||   237
       Hand axe          |       |       |   266 ||   266
Throw: Boomerang         |       |     6 |    13 ||    19
       Throwing net      |       |       |     1 ||     1
  Use: Potion            |       |     3 |     1 ||     4
       Scroll            |       |       |     9 ||     9
 Stab: Sleeping          |     4 |     1 |     3 ||     8
       Held in net/web   |       |       |     1 ||     1
  Eat: Chunk             |     2 |     7 |    13 ||    22
Armor: Leather armour    |    42 |     5 |       ||    47
       Ring mail         |       |     5 |    24 ||    29
       Chain mail        |       |    71 |   163 ||   234
Dodge: Dodged            |    86 |    86 |   104 ||   276
Block: Large shield      |       |       |   323 ||   323

Table legend:
 A = Non-vault XP
 B = Vault XP
 C = Vault XP percentage of total XP
 D = Non-vault monster count
 E = Vault monster count
 F = Vault count percentage of total count
                 A         B        C        D         E       F
            +---------+---------+-------+---------+---------+-------
      Total |    3462 |     334 |   8.8 |     139 |      18 |  11.5
            +---------+---------+-------+---------+---------+-------
        D:1 |      14 |       0 |   0.0 |       9 |       0 |   0.0
        D:2 |     158 |       0 |   0.0 |      24 |       0 |   0.0
        D:3 |     236 |       0 |   0.0 |      28 |       0 |   0.0
        D:4 |     589 |      36 |   5.8 |      28 |       1 |   3.4
        D:5 |     581 |       0 |   0.0 |      15 |       0 |   0.0
        D:6 |     517 |       0 |   0.0 |      17 |       0 |   0.0
        D:7 |     816 |     118 |  12.6 |      12 |       1 |   7.7
        D:8 |     551 |       0 |   0.0 |       6 |       0 |   0.0
    Ossuary |       0 |     180 | 100.0 |       0 |      16 | 100.0
            +---------+---------+-------+---------+---------+-------
